 Dungeon Crawl Stone Soup version 0.26.1-2-gb8aa6d0cf2 (webtiles) character file.

Game seed: 13238916997129524396

252 Qrupt the Skirmisher (level 5, -4/50 HPs)
             Began as a Palentonga Fighter on Feb 15, 2021.
             Slain by Grinder (6 damage)
             ... on level 3 of the Dungeon.
             The game lasted 00:06:12 (2949 turns).

Qrupt the Skirmisher (Palentonga Fighter)           Turns: 2949, Time: 00:06:13

Health: -4/50      AC:  6    Str: 20    XL:     5   Next: 89%
Magic:  5/5        EV:  6    Int:  9    God:
Gold:   130        SH:  8    Dex:  9    Spells: 4/4 levels left

rFire    . . .     SeeInvis +   a - +0 flail
rCold    . . .     Faith    .   c - +0 kite shield
rNeg     . . .     Spirit   .   i - +1 leather armour {rPois}
rPois    +         Reflect  .   (no helmet)
rElec    .         Harm     .   u - +0 cloak
rCorr    .         Rampage  .   (no gloves)
Will     .....                  (no barding)
Stlth    +.........             (no amulet)
HPRegen  0.16/turn              t - ring of ice
MPRegen  0.09/turn              s - ring of fire

@: mighty
A: large, rugged brown scales 3, see invisible, deformed body, roll 1, armoured
tail
a: Rolling Charge


You were on level 3 of the Dungeon.
You visited 1 branch of the dungeon, and saw 3 of its levels.

You collected 130 gold pieces.

Inventory:

Hand Weapons
 a - a +0 flail (weapon)
Missiles
 k - 4 atropa-tipped darts (quivered)
Armour
 b - a +0 scale mail
 c - a +0 kite shield (worn)
 i - a +1 leather armour of poison resistance (worn)
 u - a +0 cloak (worn)
Jewellery
 l - an uncursed ring of see invisible
 s - a ring of fire (right hand)
 t - a ring of ice (left hand)
Scrolls
 e - 2 scrolls of noise {unknown}
 g - a scroll of magic mapping {unknown}
 h - a scroll of remove curse {unknown}
 j - a scroll of enchant armour {unknown}
 m - a scroll of immolation {unknown}
 o - 2 scrolls of identify {unknown}
 p - a scroll of amnesia {unknown}
 r - 2 scrolls of enchant weapon {unknown}
Potions
 d - 2 potions of might
 f - a potion of degeneration {unknown}
 n - a potion of lignification {unknown}
 q - 2 potions of curing {unknown}


   Skills:
 + Level 4.9 Fighting
 + Level 4.3 Maces & Flails
 - Level 2.7 Armour
 - Level 2.7 Shields


You had 4 spell levels left.
You didn't know any spells.
Your spell library was empty.

Dungeon Overview and Level Annotations

Branches:
Dungeon (3/15)

Altars:

Annotations:
D:3 Grinder


Innate Abilities, Weirdness & Mutations

You are completely covered in rugged brown scales. (AC +3, +7% HP)
You have supernaturally acute eyesight. (SInv)
Armour fits poorly on your strangely shaped body.
You can roll at nearby foes to attack.
You have a long armoured tail.


Message History

Grinder is heavily wounded.
Grinder hits you!
You writhe in agony.
You sock Grinder!
Grinder is severely wounded.
Grinder gestures at you.
You suddenly lose the ability to move!
Grinder blinks!
Grinder hits you.
You writhe in agony.
Grinder hits you.
You writhe in agony.
Grinder hits you.
You writhe in agony.
Grinder gestures at you. Pain shoots through your body!
* * * LOW HITPOINT WARNING * * *
You can move again.
You thump Grinder!
Grinder is almost dead.
Grinder hits you!
* * * LOW HITPOINT WARNING * * *
You writhe in agony.
You die...

o.......# .#
....#.###.###
...#........
#.o........
#..o........
#.## ...
#..##.....
########[..#
......5@##.#
#######....#
######


You could see Grinder.

Vanquished Creatures
  A sky beast (D:2)
  Crazy Yiuf (D:2)
  3 adders (D:2)
  An ooze (D:1)
  2 worms (D:2)
  4 dart slugs
  2 leopard geckos
  5 orcs (D:3)
  5 giant cockroaches
  8 goblins
  4 hobgoblins
  9 jackals
  4 quokkas (D:2)
  2 ball pythons
  7 bats
  6 frilled lizards
  6 kobolds (D:2)
  5 rats
75 creatures vanquished.

Vanquished Creatures (others)
  3 fungi (D:2)
3 creatures vanquished.

Grand Total: 78 creatures vanquished

Notes
Turn   | Place    | Note
-------+----------+-------------------------------------------
     0 | D:1      | Qrupt the Palentonga Fighter began the quest for the Orb.
     0 | D:1      | Reached XP level 1. HP: 20/20 MP: 1/1
    46 | D:1      | Reached XP level 2. HP: 26/27 MP: 2/2
   371 | D:1      | Reached XP level 3. HP: 31/33 MP: 3/3
  1159 | D:2      | Reached XP level 4. HP: 39/42 MP: 4/4
  1252 | D:2      | Found a runed translucent door.
  1253 | D:2      | Noticed Crazy Yiuf
  2279 | D:2      | Killed Crazy Yiuf
  2280 | D:2      | Reached XP level 5. HP: 29/49 MP: 5/5
  2532 | D:3      | Noticed a sky beast
  2734 | D:2      | Killed a sky beast
  2913 | D:3      | Noticed Grinder
  2942 | D:3      | Paralysed by Grinder for 7 turns
  2949 | D:3      | HP: 2/50 [Grinder (7)]
  2949 | D:3      | Slain by Grinder

Illustrated notes

Levels and vault maps discovered:
D:1:      lightli_arrival_lavapool, layout_rooms
D:2:      layout_basic, uniq_crazy_yiuf_cottage
D:3:      layout_rooms, lightli_corner_chamber, uniq_grinder

Skill      XL: |  1  2  3  4  5 |
---------------+----------------+-----
Maces & Flails | 3 4 |  4.3
Fighting       | 4 |  4.9
Armour         | |  2.7
Shields        | |  2.7

Action                   |  1- 3 |  4- 6 || total
-------------------------+-------+-------++-------
Melee: Flail             |   134 |   126 ||   260
       Tailslap          |    13 |    12 ||    25
Throw: Dart              |       |     8 ||     8
 Abil: Rolling Charge    |    10 |     9 ||    19
  Use: Potion            |       |     1 ||     1
Armor: Scale mail        |    74 |    33 ||   107
       Leather armour    |       |    24 ||    24
Dodge: Dodged            |    35 |    26 ||    61
Block: Kite shield       |    66 |    69 ||   135
